[Event "fics rated crazyhouse match"]
[Site "fics, Oklahoma City, OK USA"]
[Date "2000.12.19"]
[White "BarryWhite"]
[WhiteElo "2400"]
[Black "Gnejs"]
[BlackElo "2491"]
[TimeControl "120+0"]
[Result "1-0"]

1. e4 Nf6 2. Nf3 Nxe4 3. d4 e6 4. Bd3 Nf6 5. Nc3 Nc6 6. Be3 
d6 7. O-O Be7 8. Qd2 O-O 9. Ng5 h6 10. Nge4 Nxe4 11. Bxe4 P@g5 
12. f4 gxf4 13. Bxf4 P@g5 14. Bg3 N@h5 15. P@g6 f5 16. Bxc6 bxc6 17. N@f7 
Qe8 18. Rxf5 B@h7 19. Nxh6+ gxh6 20. P@f7+ Rxf7 21. gxf7+ Qxf7 22. Rxf7 Kxf7 
23. N@h8+ Ke8 24. P@f7+ Kf8 25. Q@e8+ Kg7 26. Qxe7 
{Gnejs resigns} 1-0

[Event "fics rated crazyhouse match"]
[Site "fics, Oklahoma City, OK USA"]
[Date "2000.12.19"]
[White "Gnejs"]
[WhiteElo "2481"]
[Black "BarryWhite"]
[BlackElo "2410"]
[TimeControl "120+0"]
[Result "1-0"]

1. e4 e6 2. d4 Nc6 3. Nc3 d5 4. e5 Nge7 5. Nf3 Nf5 6. Bb5 
Be7 7. O-O O-O 8. Re1 f6 9. Bf4 Bd7 10. Bf1 Be8 11. exf6 Rxf6 
12. P@g5 Rg6 13. Ne5 Nxe5 14. Rxe5 Bxg5 15. Bxg5 Qxg5 16. B@g3 B@g4 17. Qxg4 
Qxg4 18. Rxf5 exf5 19. N@e7+ Kh8 20. Nxg6+ hxg6 21. R@h4+ Qxh4 22. Bxh4 N@h3+ 
23. gxh3 N@f3+ 24. Kg2 Nxh4+ 25. Kh1 R@g1+ 26. Kxg1 Nf3+ 27. Kg2 R@g1+ 28. Kxf3 
P@e4+ 29. Ke2 P@d3+ 30. cxd3 exd3+ 31. Ke1 Rxf1+ 32. Kxf1 P@e2+ 33. Kg1 Bf7 
34. R@h4+ B@h6 35. B@e5 B@g5 36. Bxg7+ Kxg7 37. P@f6+ Kxf6 
{BarryWhite checkmated} 1-0

[Event "fics rated crazyhouse match"]
[Site "fics, Oklahoma City, OK USA"]
[Date "2000.12.19"]
[White "BarryWhite"]
[WhiteElo "2404"]
[Black "Gnejs"]
[BlackElo "2487"]
[TimeControl "120+0"]
[Result "0-1"]

1. e4 Nf6 2. Nc3 d5 3. exd5 Nxd5 4. d4 Nxc3 5. bxc3 e5 6. d5 
Bc5 7. P@e3 O-O 8. Nf3 Bd6 9. Bd3 P@f5 10. e4 fxe4 11. Bxe4 P@f5 
12. Bd3 e4 13. Nd4 exd3 14. cxd3 B@e5 15. N@f3 Re8 16. O-O Bxd4 17. Nxd4 
Bxh2+ 18. Kxh2 Qh4+ 19. P@h3 N@g4+ 20. Kh1 Nxf2+ 21. Rxf2 Qxf2 22. B@g1 N@g3+ 
23. Kh2 
{BarryWhite checkmated} 0-1

[Event "fics rated crazyhouse match"]
[Site "fics, Oklahoma City, OK USA"]
[Date "2000.12.19"]
[White "Gnejs"]
[WhiteElo "2493"]
[Black "BarryWhite"]
[BlackElo "2398"]
[TimeControl "120+0"]
[Result "1-0"]

1. e4 e6 2. d4 d5 3. e5 Ne7 4. Ne2 Nbc6 5. Ng3 Ng6 6. Be2 
Ngxe5 7. dxe5 Nxe5 8. O-O Bd6 9. Nc3 O-O 10. Nh5 P@g6 11. Nf4 f5 
12. Ncxd5 exd5 13. N@e6 Bxe6 14. Nxe6 Qe7 15. Nxf8 Rxf8 16. Qxd5+ P@e6 17. Qd1 
N@e4 18. B@f4 N@d5 19. P@h6 Nxf4 20. Bxf4 gxh6 21. Bxh6 P@g7 22. Bf4 N@d5 
23. Bxe5 Bxe5 24. P@g3 B@b6 25. N@d3 B@a6 26. Nxe5 Bxe2 27. Qxe2 Nxf2 28. Rxf2 
Bxf2+ 29. Kh1 Bd4 30. P@f7+ Rxf7 31. Nxf7 Qxf7 32. N@g5 N@f2+ 33. Qxf2 Bxf2 
34. R@h8+ Kxh8 35. Nxf7+ Kg8 36. Q@e8# 
{BarryWhite resigns} 1-0

[Event "fics rated crazyhouse match"]
[Site "fics, Oklahoma City, OK USA"]
[Date "2000.12.19"]
[White "BarryWhite"]
[WhiteElo "2392"]
[Black "Gnejs"]
[BlackElo "2499"]
[TimeControl "120+0"]
[Result "1-0"]

1. e4 Nf6 2. Nc3 d5 3. exd5 Nxd5 4. Nf3 Nc6 5. Bc4 e6 6. Bxd5 
exd5 7. d4 P@e4 8. Ng5 B@f6 9. Nxf7 Kxf7 10. P@e5 B6e7 11. O-O N@e6 
12. Be3 Bg5 13. P@f5 Nf4 14. Bxf4 Bxf4 15. e6+ Ke7 16. N@e3 Bxe3 17. fxe3 
B@g5 18. B@c5+ Ke8 19. Nxe4 Bxe3+ 20. Kh1 Bxc5 21. P@d7+ Bxd7 22. exd7+ Qxd7 
23. B@e6 Qe7 24. Nxc5 P@h3 25. B@f7+ Kf8 26. N@d7+ Qxd7 27. Nxd7+ Ke7 28. Qg4 
hxg2+ 29. Qxg2 N@h4 30. Bxd5 Kd8 31. Bxc6 Nxg2 32. N@e6+ Ke7 33. f6+ Kd6 
{Gnejs checkmated} 1-0

[Event "fics rated crazyhouse match"]
[Site "fics, Oklahoma City, OK USA"]
[Date "2000.12.19"]
[White "Gnejs"]
[WhiteElo "2489"]
[Black "BarryWhite"]
[BlackElo "2402"]
[TimeControl "120+0"]
[Result "0-1"]

1. e4 e6 2. d4 d5 3. e5 Ne7 4. Ne2 Ng6 5. Ng3 Nc6 6. Be2 
Ngxe5 7. dxe5 Nxe5 8. O-O Bd6 9. Nc3 Qe7 10. Re1 O-O 11. Nh5 f5 
12. Bf1 P@e4 13. Nf4 c6 14. Ncxd5 exd5 15. Nxd5 cxd5 16. Qxd5+ Be6 17. Qxe6+ 
Qxe6 18. N@g5 N@h4 19. B@h5 Qf6 20. Bfe2 P@f3 21. Nxf3 exf3 22. Bexf3 Nexf3+ 
23. Bxf3 Nxf3+ 24. gxf3 N@h3+ 25. Kf1 Q@g1+ 26. Ke2 Qxf2+ 27. Kd1 Qxf3+ 28. P@e2 
Nf2+ 29. Kd2 P@c3# 
{Gnejs resigns} 0-1

[Event "fics rated crazyhouse match"]
[Site "fics, Oklahoma City, OK USA"]
[Date "2000.12.19"]
[White "Gnejs"]
[WhiteElo "2469"]
[Black "BarryWhite"]
[BlackElo "2422"]
[TimeControl "120+0"]
[Result "1-0"]

1. e4 e6 2. d4 d5 3. Nc3 Nc6 4. e5 Nge7 5. Nf3 Nf5 6. Be2 
Be7 7. O-O O-O 8. Bf4 f6 9. Re1 Bd7 10. Nb5 Be8 11. exf6 Bxf6 
12. Nxc7 Bh5 13. Nxe6 Qe7 14. Nxf8 Rxf8 15. P@e5 P@e4 16. exf6 gxf6 17. P@d6 
Qg7 18. P@h6 Nxh6 19. Bxh6 Qxh6 20. N@f5 Qg6 21. R@g7+ Qxg7 22. Nxg7 Bxf3 
23. Bxf3 R@g6 24. Nh5 N@h3+ 25. Kf1 exf3 26. Qxf3 N@d2+ 27. Ke2 Nxf3 28. B@e6+ 
B@f7 29. Bxf7+ Kh8 30. B@h6 Ncxd4+ 31. Kd1 Nxf2+ 32. Kc1 Nd3+ 33. Kb1 P@g7 
34. Bxg6 
{BarryWhite forfeits on time} 1-0

[Event "fics rated crazyhouse match"]
[Site "fics, Oklahoma City, OK USA"]
[Date "2000.12.19"]
[White "BarryWhite"]
[WhiteElo "2415"]
[Black "Gnejs"]
[BlackElo "2476"]
[TimeControl "120+0"]
[Result "0-1"]

1. e4 Nf6 2. Nc3 d5 3. exd5 Nxd5 4. d4 Nxc3 5. bxc3 e5 6. P@e3 
exd4 7. exd4 Qe7+ 8. P@e5 N@d5 9. Bd2 P@b4 10. cxb4 P@c3 11. Nf3 cxd2+ 
12. Nxd2 Qxb4 13. a3 Qxd2+ 14. Qxd2 B@c3 15. Bb5+ Nc6 16. Qxc3 Nxc3 17. O-O 
Nxb5 18. B@c4 B@e6 19. Bxb5 P@h3 20. Q@f3 hxg2 21. Qxg2 P@h3 22. Qe4 Q@d5 
23. Bd3 Nxd4 24. f3 Qxe4 
{BarryWhite resigns} 0-1

[Event "fics rated crazyhouse match"]
[Site "fics, Oklahoma City, OK USA"]
[Date "2000.12.19"]
[White "GusMcClain"]
[WhiteElo "2204"]
[Black "Perplexity"]
[BlackElo "2314"]
[TimeControl "60+0"]
[Result "0-1"]

1. e4 e6 2. Nc3 Nc6 3. d4 Bb4 4. Nf3 Nf6 5. Bd3 d6 6. O-O 
Bxc3 7. bxc3 a5 8. Bg5 N@b2 9. Qe2 Nxd3 10. cxd3 B@e7 11. e5 dxe5 
12. dxe5 Ng4 13. Bxe7 Qxe7 14. B@h4 P@f6 15. N@h5 Rg8 16. exf6 Nxf6 17. P@e5 
Nxh5 18. Bxe7 Nf4 19. Qe4 N@e2+ 20. Kh1 Nxe7 21. P@d6 cxd6 22. exd6 P@f5 
23. dxe7 Kxe7 24. P@d6+ Kxd6 25. B@c5+ Kxc5 26. N@b3+ Kd6 27. Q@c5+ Kd7 28. Qee5 
Ke8 29. Qed6 B@f8 30. Qxf8+ Rxf8 31. Qxf8+ Kxf8 32. B@d6+ P@e7 33. R@d8+ B@e8 
34. Rxe8+ Kxe8 35. Bxe7 P@b2 36. P@d6 bxa1=Q 37. d7+ Bxd7 38. Rxa1 Kxe7 
{GusMcClain forfeits on time} 0-1

[Event "fics rated crazyhouse match"]
[Site "fics, Oklahoma City, OK USA"]
[Date "2000.12.19"]
[White "Perplexity"]
[WhiteElo "2323"]
[Black "GusMcClain"]
[BlackElo "2198"]
[TimeControl "60+0"]
[Result "1-0"]

1. e4 e6 2. d4 Nf6 3. e5 Nd5 4. Nf3 d6 5. exd6 cxd6 6. Be2 
Nc6 7. O-O Be7 8. c4 Nf6 9. P@b5 Nb8 10. Ng5 O-O 11. d5 P@h6 
12. dxe6 Bxe6 13. Nxe6 fxe6 14. P@c2 N@h4 15. Nc3 d5 16. cxd5 Nxd5 17. Nxd5 
exd5 18. N@e6 Qd6 19. Nxf8 Bxf8 20. B@g3 N@h3+ 21. gxh3 N@f3+ 22. Bxf3 Nxf3+ 
23. Qxf3 Qg6 24. N@e5 B@e4 25. P@f7+ Qxf7 26. Qxf7+ Kh8 
{GusMcClain checkmated} 1-0

[Event "fics rated crazyhouse match"]
[Site "fics, Oklahoma City, OK USA"]
[Date "2000.12.19"]
[White "GusMcClain"]
[WhiteElo "2193"]
[Black "Perplexity"]
[BlackElo "2331"]
[TimeControl "60+0"]
[Result "1-0"]

1. e4 e6 2. Nc3 Nc6 3. d4 Bb4 4. Nf3 Nf6 5. Bd3 d6 6. e5 
Nd5 7. Bd2 Bxc3 8. bxc3 N@b2 9. Qe2 dxe5 10. dxe5 P@g4 11. Nd4 Nxd3+ 
12. Qxd3 Nxe5 13. Qe4 B@d6 14. O-O Nf6 15. Qe3 P@b2 16. Rae1 Nd5 17. Qe4 
Bd7 18. N@h5 Kf8 19. P@h6 g6 20. Nxe6+ Bxe6 21. P@g7+ Kg8 22. gxh8=Q+ Kxh8 
23. B@g7+ Kg8 
{Perplexity checkmated} 1-0

[Event "fics rated crazyhouse match"]
[Site "fics, Oklahoma City, OK USA"]
[Date "2000.12.19"]
[White "Perplexity"]
[WhiteElo "2314"]
[Black "GusMcClain"]
[BlackElo "2204"]
[TimeControl "60+0"]
[Result "0-1"]

1. e4 e6 2. d4 Nf6 3. e5 Nd5 4. Nf3 d6 5. exd6 cxd6 6. Be2 
Nc6 7. O-O Be7 8. c4 Nb6 9. P@h6 Rg8 10. d5 exd5 11. cxd5 P@h3 
12. gxh3 Bxh3 13. dxc6 bxc6 14. P@b7 Rb8 15. N@d4 P@g2 16. Nxc6 gxf1=Q+ 17. Bxf1 
P@g2 18. Bxg2 Bxg2 19. Kxg2 P@h3+ 20. Kg1 B@g2 21. B@h1 Bxh1 22. Nxd8 Bg2 
23. P@d7+ Nxd7 24. Q@h1 Bxh1 25. P@g2 Bxg2 26. Nxf7 
{Perplexity checkmated} 0-1

[Event "fics rated crazyhouse match"]
[Site "fics, Oklahoma City, OK USA"]
[Date "2000.12.19"]
[White "GusMcClain"]
[WhiteElo "2214"]
[Black "Perplexity"]
[BlackElo "2298"]
[TimeControl "60+0"]
[Result "0-1"]

1. e4 Nf6 2. Nc3 d5 3. exd5 Nxd5 4. d4 e6 5. Nf3 Nc6 6. Bb5 
Bb4 7. Bd2 Bxc3 8. bxc3 P@b2 9. Rb1 N@e4 10. O-O Ndxc3 11. Bxc3 Nxc3 
12. Bxc6+ bxc6 13. Qd3 Nxb1 14. N@h5 B@h6 15. P@g5 R@a3 16. Qxa3 Nxa3 17. gxh6 
gxh6 18. N@f6+ Ke7 19. Ne4 Ke8 20. Nhf6+ Kf8 21. B@g7+ Kxg7 22. Nh5+ Kg8 
23. Nef6+ Kf8 24. B@g7+ Ke7 25. Bxh8 P@e2 26. Nd5+ exd5 27. Bf6+ Kd6 28. Re1 
P@e7 29. Be5+ Kd7 30. Rxe2 b1=Q+ 31. R@e1 N@c3 32. R@e3 Nxe2+ 33. Rxe2 Qxc2 
34. Rxc2 Nxc2 35. N@c5+ Ke8 36. P@g7 Q@g4 37. g8=Q+ Qxg8 38. Ng7+ Kf8 39. Nge6+ 
fxe6 40. P@g7+ Ke8 41. Nxe6 Bxe6 42. Bxc7 Qxc7 43. P@f7+ Bxf7 44. P@e5 N@e6 
{GusMcClain forfeits on time} 0-1

[Event "fics rated crazyhouse match"]
[Site "fics, Oklahoma City, OK USA"]
[Date "2000.12.19"]
[White "Perplexity"]
[WhiteElo "2307"]
[Black "GusMcClain"]
[BlackElo "2208"]
[TimeControl "60+0"]
[Result "1-0"]

1. e4 e6 2. d4 Nf6 3. e5 Nd5 4. Nf3 d6 5. exd6 cxd6 6. Be2 
Nc6 7. O-O Be7 8. c4 Nb6 9. P@h6 Rg8 10. d5 exd5 11. cxd5 P@h3 
12. gxh3 Bxh3 13. P@e6 fxe6 14. dxc6 bxc6 15. N@g5 Bxg5 16. Nxg5 P@f7 17. Nxh3 
gxh6+ 18. P@g2 Nd5 19. Bxh6 P@e3 20. fxe3 N@e4 21. Qc2 P@f2+ 22. Rxf2 Nxf2 
23. Nxf2 R@e1+ 24. B@f1 P@h3 25. Nxh3 Nxe3 26. Qxc6+ P@d7 27. N@c7+ Qxc7 28. Qxa8+ 
N@c8 29. Bxe3 Rxf1+ 30. Kxf1 B@c5 31. P@b7 Bxe3 32. bxc8=Q+ Qxc8 33. Qxc8+ B@d8 
34. N@f6+ Ke7 35. Nxg8+ Kf8 36. Qxd8+ Kg7 
{GusMcClain checkmated} 1-0

[Event "fics rated crazyhouse match"]
[Site "fics, Oklahoma City, OK USA"]
[Date "2000.12.19"]
[White "GusMcClain"]
[WhiteElo "2202"]
[Black "Perplexity"]
[BlackElo "2315"]
[TimeControl "60+0"]
[Result "0-1"]

1. e4 Nf6 2. Nc3 e6 3. d4 Nc6 4. Nf3 d5 5. Bd3 dxe4 6. Nxe4 
Nxe4 7. Bxe4 N@c4 8. Bxc6+ bxc6 9. N@e5 Nxe5 10. Nxe5 P@b7 11. Nxf7 Kxf7 
12. N@e5+ Ke7 13. N@f7 Qd5 14. Nxh8 Qxg2 15. Qf3 Qxf3 16. Nxf3 N@g2+ 17. Kd1 
P@e2+ 18. Kxe2 Q@e4+ 19. P@e3 Qxc2+ 20. Kf1 Nxe3+ 21. Bxe3 B@e2+ 22. Kg1 N@h3+ 
23. Kg2 Bxf3+ 24. Kxf3 P@g4+ 25. Kg3 P@f4+ 26. Kxg4 e5+ 27. Kh4 g5+ 28. Kh5 
{GusMcClain checkmated} 0-1

[Event "fics rated crazyhouse match"]
[Site "fics, Oklahoma City, OK USA"]
[Date "2000.12.19"]
[White "Perplexity"]
[WhiteElo "2323"]
[Black "GusMcClain"]
[BlackElo "2196"]
[TimeControl "60+0"]
[Result "0-1"]

1. e4 e6 2. d4 Nc6 3. Be3 Nf6 4. Bd3 d5 5. e5 Ne4 6. Qf3 
Bb4+ 7. Kf1 Ng5 8. Qg3 h6 9. h4 Nxd4 10. hxg5 Nf5 11. Bxf5 exf5 
12. gxh6 Rxh6 13. Bxh6 B@b5+ 14. P@d3 Be6 15. R@h8+ Kd7 16. Bxg7 Qxh8 
{Perplexity forfeits on time} 0-1

[Event "fics rated crazyhouse match"]
[Site "fics, Oklahoma City, OK USA"]
[Date "2000.12.20"]
[White "Perplexity"]
[WhiteElo "2305"]
[Black "VABORIS"]
[BlackElo "2313"]
[TimeControl "60+0"]
[Result "0-1"]

1. e4 e6 2. d4 Nc6 3. Be3 Nf6 4. Bd3 d5 5. e5 Ne4 6. a3 
Be7 7. Qg4 O-O 8. Bxe4 dxe4 9. Qxe4 B@f5 10. Qf3 Nxd4 11. Bxd4 Qxd4 
12. Qg3 B@h4 13. N@h6+ Kh8 14. Nxf5 exf5 15. Ne2 Bxg3 16. Nxd4 Bxf2+ 17. Kxf2 
N@e4+ 18. Ke2 Q@f2+ 19. Kd3 P@c4+ 20. Kxc4 Be6+ 21. P@d5 Bxd5+ 22. Kxd5 Rad8+ 
23. B@d6 cxd6 24. P@c7 dxe5+ 25. Kc4 Qxd4+ 26. Kb3 B@c4+ 27. Ka4 P@b5+ 28. Ka5 
{Perplexity checkmated} 0-1

[Event "fics rated crazyhouse match"]
[Site "fics, Oklahoma City, OK USA"]
[Date "2000.12.20"]
[White "VABORIS"]
[WhiteElo "2321"]
[Black "Perplexity"]
[BlackElo "2297"]
[TimeControl "60+0"]
[Result "0-1"]

1. e4 e6 2. d4 d6 3. Nc3 Nf6 4. Nf3 Be7 5. Bd3 Nc6 6. O-O 
h5 7. e5 dxe5 8. dxe5 Ng4 9. P@g6 Ncxe5 10. Nxe5 Nxe5 11. gxf7+ Nxf7 
12. P@g6 Ne5 13. Bb5+ P@c6 14. Qxd8+ Bxd8 15. Bxc6+ bxc6 16. P@f7+ Kd7 17. Rd1+ 
N@d5 18. N@c5+ Kd6 19. N3e4+ Ke7 20. Bg5+ P@f6 21. Rxd5 exd5 22. N@g8+ Rxg8 
23. fxg8=N+ Kf8 24. R@f7+ Nxf7 25. gxf7 Kxf7 26. N@h6+ Kg6 27. Q@g3 N@e2+ 28. Kh1 
Nxg3+ 29. hxg3 gxh6 30. N@h4+ Kg7 31. Bxh6+ Kxg8 32. P@g7 Q@h7 33. Nxf6+ Bxf6 
34. P@f7+ Kxf7 35. g8=Q+ Kxg8 36. Bf4 Bxb2 37. Bxc7 Bxa1 38. Be5 Q@f1+ 39. Kh2 
{VABORIS checkmated} 0-1

[Event "fics rated crazyhouse match"]
[Site "fics, Oklahoma City, OK USA"]
[Date "2000.12.20"]
[White "Perplexity"]
[WhiteElo "2306"]
[Black "VABORIS"]
[BlackElo "2312"]
[TimeControl "60+0"]
[Result "0-1"]

1. e4 e6 2. d4 Nc6 3. Be3 Nf6 4. Bd3 d6 5. Nc3 Be7 6. Bb5 
Bd7 7. d5 exd5 8. exd5 Ne5 9. P@e6 fxe6 10. dxe6 O-O 11. exd7 P@e6 
12. B@d4 c6 13. Bxe5 dxe5 14. P@d6 P@d4 15. dxe7 Qxe7 16. B@a3 P@b4 17. Bxb4 
Qxb4 18. N@d3 Qe7 19. Bxc6 bxc6 20. Nxe5 dxe3 21. fxe3 B@f2+ 22. Kxf2 Ng4+ 
23. Ke2 B@a6+ 24. P@b5 Rf2+ 25. Ke1 B@d2+ 26. Qxd2 Rxd2 
{Perplexity forfeits on time} 0-1

[Event "fics rated crazyhouse match"]
[Site "fics, Oklahoma City, OK USA"]
[Date "2000.12.20"]
[White "LINDEGREN"]
[WhiteElo "2375"]
[Black "pminear"]
[BlackElo "2604"]
[TimeControl "60+0"]
[Result "0-1"]

1. e4 e5 2. Nf3 Nc6 3. Bc4 Bc5 4. O-O Nf6 5. Nc3 O-O 6. d3 
Nd4 7. Nxe5 d6 8. P@e3 dxe5 9. exd4 Bxd4 10. Be3 Bxe3 11. fxe3 B@h6 
12. Qe2 P@f4 13. N@f5 Bxf5 14. exf5 fxe3 15. Bxf7+ Kh8 16. P@g6 N@d4 17. Qe1 
P@f2+ 18. Rxf2 exf2+ 19. Qxf2 N@g4 20. Qxd4 Qxd4# 
{LINDEGREN resigns} 0-1

[Event "fics rated crazyhouse match"]
[Site "fics, Oklahoma City, OK USA"]
[Date "2000.12.20"]
[White "pminear"]
[WhiteElo "2598"]
[Black "LINDEGREN"]
[BlackElo "2381"]
[TimeControl "60+0"]
[Result "1-0"]

1. e4 Nf6 2. e5 Nc6 3. exf6 gxf6 4. d4 d5 5. Nc3 Rg8 6. Qh5 
Rh8 7. Be3 P@g6 8. Qxd5 e6 9. Qxd8+ Nxd8 10. Bb5+ Bd7 11. Bxd7+ Kxd7 
12. d5 Bd6 13. B@a4+ c6 14. dxc6+ bxc6 15. P@b5 P@b7 16. P@a6 Q@c4 17. axb7 
cxb5 18. Bxb5+ Qxb5 19. Nxb5 Nxb7 20. P@c6+ Kxc6 21. N@d4+ Kd7 22. Q@c6# 
{LINDEGREN resigns} 1-0

[Event "fics rated crazyhouse match"]
[Site "fics, Oklahoma City, OK USA"]
[Date "2000.12.20"]
[White "LINDEGREN"]
[WhiteElo "2377"]
[Black "pminear"]
[BlackElo "2602"]
[TimeControl "60+0"]
[Result "0-1"]

1. e4 e5 2. Nf3 Nc6 3. d4 exd4 4. Nxd4 Nf6 5. Nxc6 bxc6 6. Bd3 
d6 7. P@g5 Ng4 8. O-O N@e5 9. Nc3 Nxd3 10. cxd3 B@e5 11. N@g3 Bxg3 
12. hxg3 Nxf2 13. Rxf2 N@g4 14. B@e3 P@h2+ 15. Kh1 Nxf2+ 16. Bxf2 P@h3 17. gxh3 
Bxh3 18. Kxh2 P@g4 19. N@e3 h5 20. N@h4 Qxg5 21. P@f4 Qxh4 22. gxh4 N@f3+ 
23. Qxf3 gxf3 24. P@b7 Rd8 25. N@a6 Q@d7 26. Bd2 Bg2 27. N@g5 R@h3# 
{LINDEGREN resigns} 0-1

[Event "fics rated crazyhouse match"]
[Site "fics, Oklahoma City, OK USA"]
[Date "2000.12.20"]
[White "LINDEGREN"]
[WhiteElo "2388"]
[Black "pminear"]
[BlackElo "2591"]
[TimeControl "60+0"]
[Result "0-1"]

1. e4 e5 2. Nf3 Nc6 3. Bc4 Bc5 4. O-O Nf6 5. Nc3 O-O 6. d3 
d6 7. Be3 Bg4 8. Bxc5 dxc5 9. B@h4 B@h5 10. Bxf6 Qxf6 11. N@e1 Nd4 
12. Nd5 Qh6 13. Nxd4 cxd4 14. f3 B@e3+ 15. Kh1 N@f2+ 16. Rxf2 Bxf2 
{LINDEGREN resigns} 0-1

[Event "fics rated crazyhouse match"]
[Site "fics, Oklahoma City, OK USA"]
[Date "2000.12.20"]
[White "VABORIS"]
[WhiteElo "2320"]
[Black "LINDEGREN"]
[BlackElo "2407"]
[TimeControl "60+0"]
[Result "1-0"]

1. e4 Nf6 2. Nc3 Nc6 3. d4 d5 4. exd5 Nxd5 5. Nf3 e6 6. Bd2 
Bb4 7. Nxd5 Qe7 8. Nxe7 Bxe7 9. N@h5 Rg8 10. Bd3 P@f5 11. Nxg7+ Rxg7 
12. Q@h8+ Bf8 13. P@f6 Rxg2 14. P@g7 N@d7 15. gxf8=Q+ Nxf8 16. B@g7 N@d7 17. Bxf8 
Nxf8 18. Bh6 B@d6 19. N@e7 Bxe7 20. fxe7 Kxe7 21. Qxf8+ Kd7 22. N@e5+ Nxe5 
{LINDEGREN checkmated} 1-0

[Event "fics rated crazyhouse match"]
[Site "fics, Oklahoma City, OK USA"]
[Date "2000.12.20"]
[White "LINDEGREN"]
[WhiteElo "2397"]
[Black "VABORIS"]
[BlackElo "2330"]
[TimeControl "60+0"]
[Result "1-0"]

1. e4 e6 2. Nc3 Nc6 3. d4 Bb4 4. Nf3 Nf6 5. Bd3 d5 6. exd5 
exd5 7. Qe2+ P@e4 8. P@g5 Qe7 9. gxf6 gxf6 10. O-O exf3 11. Qxf3 Nxd4 
12. Qe3 N@h4 13. Qxd4 Bxc3 14. Bb5+ P@c6 15. Qxc3 cxb5 16. P@g7 Rg8 17. B@f8 
N@e2+ 18. Kh1 Qe4 19. f3 Qg6 20. Qe3+ B@e4 21. Qxe2 Nxf3 22. Rxf3 Bg4 
23. N@f4 Bxf3 24. Nxg6 Bxg2+ 25. Kg1 R@h1+ 26. Kf2 P@g3+ 27. Kxg3 P@h4+ 28. Kxh4 
Rxh2+ 29. Kg3 Rh3+ 30. Kf2 P@e3+ 31. Ke1 P@d2+ 32. Bxd2 exd2+ 33. Kxd2 Rh1 
{VABORIS checkmated} 1-0

[Event "fics rated crazyhouse match"]
[Site "fics, Oklahoma City, OK USA"]
[Date "2000.12.20"]
[White "Perplexity"]
[WhiteElo "2328"]
[Black "Fudpucker"]
[BlackElo "2197"]
[TimeControl "180+0"]
[Result "1-0"]

1. e4 e6 2. d4 Nc6 3. Be3 Nf6 4. Bd3 d6 5. Nc3 Be7 6. Bb5 
O-O 7. Bxc6 bxc6 8. N@g4 Nxg4 9. Qxg4 B@g6 10. Qe2 Rb8 11. Rb1 f5 
12. exf5 exf5 13. P@h5 Bf7 14. h6 N@h4 15. hxg7 Nxg2+ 16. Kd1 Re8 17. d5 
Nxe3+ 18. fxe3 B@h5 19. N@f3 P@e4 20. P@e6 Bcxe6 21. dxe6 Bxe6 22. B@h8 P@h6 
23. N@d4 P@d7 24. Nxe6 dxe6 25. Ke1 P@h3 26. Qc4 N@g2+ 27. Kd2 exf3 28. Qxe6+ 
N@f7 29. P@d7 Nh4 30. Nxh3 Ng6 31. dxe8=Q+ Qxe8 32. P@d7 Qd8 33. R@c8 Rxc8 
34. dxc8=Q Qxc8 35. Qxc8+ R@d8 36. Qxf5 Nge5 37. Qxh5 
{Fudpucker forfeits on time} 1-0

[Event "fics rated crazyhouse match"]
[Site "fics, Oklahoma City, OK USA"]
[Date "2000.12.20"]
[White "Perplexity"]
[WhiteElo "2335"]
[Black "GusMcClain"]
[BlackElo "2213"]
[TimeControl "60+0"]
[Result "1-0"]

1. e4 e6 2. d4 Nf6 3. e5 Nd5 4. Nf3 d6 5. exd6 cxd6 6. Be2 
Nc6 7. O-O Be7 8. c4 Nb6 9. P@h6 Rg8 10. d5 gxh6 11. dxc6 bxc6 
12. Bxh6 P@h3 13. N@g7+ Kd7 14. Ne5+ Kc7 15. Nxf7 Qe8 16. Nxe8+ Rxe8 17. gxh3 
P@g2 18. Kxg2 N@h4+ 19. Kg1 P@g2 20. Re1 e5 21. Q@g7 Bxh3 22. Nxd6 Rad8 
23. Nxe8+ Rxe8 24. P@d6+ Kb8 25. dxe7 Bd7 26. R@d8+ Bc8 27. B@d6+ Kb7 28. P@a6+ 
Kxa6 29. P@b5+ Kb7 30. P@a6+ Ka8 
{GusMcClain checkmated} 1-0

[Event "fics rated crazyhouse match"]
[Site "fics, Oklahoma City, OK USA"]
[Date "2000.12.20"]
[White "GusMcClain"]
[WhiteElo "2208"]
[Black "Perplexity"]
[BlackElo "2340"]
[TimeControl "60+0"]
[Result "0-1"]

1. e4 Nf6 2. Nc3 d5 3. d4 dxe4 4. Bc4 P@b4 5. Nb1 e6 6. Bg5 
Nc6 7. Ne2 e5 8. O-O Nxd4 9. Nxd4 Qxd4 10. Qxd4 exd4 11. Bxf7+ Kxf7 
12. N@e5+ Ke6 13. Bxf6 N@e2+ 14. Kh1 gxf6 15. Q@f7+ Kxe5 16. N@g4+ Bxg4 17. f3 
Q@g1+ 18. Rxg1 
{GusMcClain checkmated} 0-1

[Event "fics rated crazyhouse match"]
[Site "fics, Oklahoma City, OK USA"]
[Date "2000.12.20"]
[White "VABORIS"]
[WhiteElo "2324"]
[Black "jiggaman"]
[BlackElo "2217"]
[TimeControl "60+0"]
[Result "1-0"]

1. e4 e6 2. d4 Nc6 3. Be3 Nf6 4. Bd3 d5 5. e5 Ne4 6. Nh3 
Bb4+ 7. c3 Be7 8. O-O O-O 9. f3 Ng5 10. Nxg5 Bxg5 11. f4 Bh4 
12. N@h5 N@f5 13. Bxf5 exf5 14. Nxg7 B@e4 15. Nh5 f6 16. N@h6# 
{jiggaman forfeits on time} 1-0

[Event "fics rated crazyhouse match"]
[Site "fics, Oklahoma City, OK USA"]
[Date "2000.12.20"]
[White "VABORIS"]
[WhiteElo "2335"]
[Black "jiggaman"]
[BlackElo "2206"]
[TimeControl "60+0"]
[Result "1-0"]

1. e4 d5 2. exd5 e6 3. Bb5+ c6 4. dxc6 bxc6 5. Be2 Ba6 6. Nf3 
Bd6 7. d4 f6 8. Bxa6 Nxa6 9. B@b7 Nb4 10. P@a6 Rb8 11. a3 Nd5 
12. Bxc6+ P@d7 13. Bxd5 exd5 14. Qe2+ Qe7 15. N@f5 Qxe2+ {-2} 16. Kxe2 B@b5+ {-11} 17. P@d3 
B@f8 {-21}

{jiggaman forfeits on time} 1-0

[Event "fics rated crazyhouse match"]
[Site "fics, Oklahoma City, OK USA"]
[Date "2000.12.20"]
[White "VABORIS"]
[WhiteElo "2345"]
[Black "jiggaman"]
[BlackElo "2196"]
[TimeControl "60+0"]
[Result "1-0"]

1. e4 e6 2. d4 d5 3. e5 Nc6 4. Be3 Bd7 5. Nh3 Nge7 6. Bd3 
Nf5 7. c3 Be7 8. O-O Nxe3 9. fxe3 B@g6 10. Qe2 Bxd3 11. Qxd3 B@g6 
12. Qd2 O-O 13. Nf4 Be8 14. Nxg6 fxg6 15. N@f4 N@e4 16. Qe2 Qd7 17. B@h3 
Bf7 18. Na3 Bxa3 19. bxa3 Nxc3 20. Qc2 Ne4 21. B@d3 P@g5 22. Bxe4 gxf4 
23. Bxd5 fxe3 24. Bxc6 bxc6 25. B@c5 P@f2+ 26. Kh1 N@e1 27. P@f6 Nxc2 28. N@e7+ 
Qxe7 29. Bxe7 Rfe8 30. N@h6# 
{jiggaman forfeits on time} 1-0

[Event "fics rated crazyhouse match"]
[Site "fics, Oklahoma City, OK USA"]
[Date "2000.12.20"]
[White "Perplexity"]
[WhiteElo "2345"]
[Black "VABORIS"]
[BlackElo "2354"]
[TimeControl "60+0"]
[Result "1-0"]

1. e4 e6 2. d4 Nc6 3. d5 exd5 4. exd5 Qe7+ 5. Qe2 Nd4 6. Qxe7+ 
Nxe7 7. Q@e4 Q@b4+ 8. P@c3 Nxc2+ 9. Qxc2 Qd6 10. c4 Ng6 11. Nc3 Qe5+ 
12. N@e4 Bb4 13. Nf3 Qe7 14. Nd4 d6 15. Qa4+ P@c6 16. Qxb4 P@f5 17. dxc6 
bxc6 18. P@b7 Bxb7 19. Qxb7 O-O 20. Nxf5 Qe5 21. B@d7 Rad8 22. Qxc7 Rxd7 
23. Qxd7 B@e6 24. Qxc6 Qxf5 25. B@d3 N@b4 26. Qxd6 Nxd3+ 27. Qxd3 Ne5 28. N@e7+ 
Kh8 29. Qd4 Qf6 30. Nxf6 gxf6 31. P@g7+ Kxg7 32. Q@h6# 
{VABORIS resigns} 1-0

[Event "fics rated crazyhouse match"]
[Site "fics, Oklahoma City, OK USA"]
[Date "2000.12.20"]
[White "VABORIS"]
[WhiteElo "2346"]
[Black "Perplexity"]
[BlackElo "2353"]
[TimeControl "60+0"]
[Result "0-1"]

1. e4 e6 2. d4 d5 3. e5 Nc6 4. Be3 Nge7 5. Nh3 Nf5 6. Be2 
Qh4 7. O-O Qe4 8. Nd2 Nxe3 9. Nxe4 Nxd1 10. Raxd1 dxe4 11. Bb5 N@b4 
12. f3 B@e3+ 13. Kh1 exf3 14. Rxf3 Nxc2 15. Q@f1 P@f5 16. Qe2 Nxd4 17. Qxe3 
Nxb5 18. B@a4 B@b6 19. Qd2 Nbd4 20. Bxc6+ bxc6 21. P@c3 B@a5 22. b4 Baxb4 
23. cxb4 P@g4 24. Ng5 P@e2 25. Re1 gxf3 26. Nxf3 Nxf3 27. gxf3 Q@f1# 
{VABORIS resigns} 0-1